 Dungeon Crawl Stone Soup version 0.23.1-37-gaa34b87b72 (webtiles) character file.

Game seed: 5436570831746788278

241 Andrea the Sneak (level 5, -1/24 HPs)
             Began as a Spriggan Enchanter on Mar 20, 2019.
             Slain by a goblin
             ... wielding a +0 club
             ... led by Robin
              (5 damage)
             ... on level 2 of the Dungeon.
             The game lasted 00:07:19 (3240 turns).

Andrea the Sneak (Spriggan Enchanter)               Turns: 3240, Time: 00:07:19

Health: -1/24      AC:  2    Str:  5    XL:     5   Next: 80%
Magic:  9/12       EV: 18    Int: 16    God:
Gold:   13         SH:  0    Dex: 17    Spells: 6/12 levels left

rFire    . . .     SeeInvis +   a - +1 dagger
rCold    . . .     Gourm    .   (shield restricted)
rNeg     . . .     Faith    .   b - +0 robe
rPois    .         Spirit   .   (helmet restricted)
rElec    .         Reflect  .   (no cloak)
rCorr    .         Harm     .   (gloves unavailable)
MR       .....                  (boots unavailable)
Stlth    +++.......             (no amulet)
HPRegen  0.08/turn              (no ring)
MPRegen  0.13/turn              (no ring)

@: very slightly contaminated, very quick
A: very small, unfitting armour, see invisible, herbivore, speed 3, slow
metabolism 2
a: no special abilities


You were on level 2 of the Dungeon.
You were not hungry.

You visited 1 branch of the dungeon, and saw 2 of its levels.

You collected 103 gold pieces.
You spent 90 gold pieces at shops.

Inventory:

Hand Weapons
 a - a +1 dagger (weapon)
Armour
 b - a +0 robe (worn)
Jewellery
 i - a cursed -2 ring of evasion {unknown}
Wands
 g - a wand of flame (12)
Scrolls
 c - a scroll of fog {unknown}
 e - 2 scrolls of magic mapping {unknown}
 h - 3 scrolls of teleportation {unknown}
 j - 3 scrolls of identify {unknown}
 n - 2 scrolls of enchant armour {unknown}
Potions
 f - a potion of agility {unknown}
 k - 2 potions of lignification {unknown}
 l - a potion of curing
 m - a potion of flight {unknown}
 o - a potion of brilliance {unknown}
Comestibles
 d - a ration


   Skills:
 * Level 4.1 Short Blades
 - Level 3.0 Dodging
 + Level 6.0 Stealth
 + Level 4.1 Spellcasting
 + Level 4.7 Hexes


You had 6 spell levels left.
You knew the following spells:

 Your Spells              Type           Power        Failure   Level  Hunger
a - Ensorcelled Hibernat  Hex/Ice        ##....       10%         2    ##.....
b - Corona                Hex            ###....      2%          1    None
c - Confuse               Hex            ###.....     7%          3    ###....

Your spell library contained the following spells:

 Spells                   Type           Power        Failure   Level  Hunger
 Tukima's Dance           Hex            ###.....     7%          3    ###....
 Dazzling Spray           Conj/Hex       ##....       19%         3    ###....


Dungeon Overview and Level Annotations

Branches:
Dungeon (2/15)

Altars:
Hepliaklqana
Yredelemnul
Zin

Annotations:
D:2 Robin


Innate Abilities, Weirdness & Mutations

You are very small and have problems with some larger weapons.
You are too small for most types of armour.
You have supernaturally acute eyesight. (SInv)
You are a herbivore.
You cover ground extremely quickly.
You need to consume almost no food.


Message History

Casting: Ensorcelled Hibernation (safe; 10% risk of failure)
Confirm with . or Enter, or press ? or * to list all spells.
Aiming: Ensorcelled Hibernation (safe; 10% risk of failure)
Press: ? - help, Shift-Dir - straight line, f/p - Robin
Aim: Robin, wielding a +2 trident of protection, wearing a +0 animal skin and wearing a +0 helmet (chance to defeat MR: 50%)
You miscast Ensorcelled Hibernation.
You feel a bit tired.
Robin roars a battlecry!
The goblin goes into a battle-frenzy!
The goblin barely misses you.
You hit the goblin.
You kill the goblin!
Robin closely misses you. The goblin hits you with a +0 club.
* * * LOW HITPOINT WARNING * * *
Robin barely misses you.
Things that are here:
12 stones; 11 gold pieces Robin throws the goblin at you!
* * * LOW HITPOINT WARNING * * *
The goblin hits you with a +0 club.
You die...

.............#
#>...............
#########...##
#.............### #...#
#..........#### #.#.#
#..........###### ##.#.#
####.####(....... #....#
#.# ##........ #...##
###.###......... #...#
#####.._g.(......... #...#
#.g@..#.#.##........
##.####.#####.g.##........
#.......# ######........
#.....### #........
#....<# #........ #....##
#........ #....# #########
#....# ######


You could see Robin and a goblin.

Vanquished Creatures
  Sigmund (D:2)
  An adder (D:2)
  An ooze (D:2)
  A worm (D:2)
  6 dart slugs (D:1)
  5 bats
  2 giant cockroaches
  15 goblins
  4 hobgoblins
  4 jackals
  A quokka (D:2)
  3 frilled lizards
  6 kobolds
  3 rats
53 creatures vanquished.

Notes
Turn   | Place    | Note
-------+----------+-------------------------------------------
     0 | D:1      | Andrea the Spriggan Enchanter began the quest for the Orb.
     0 | D:1      | Reached XP level 1. HP: 9/9 MP: 5/5
   157 | D:1      | Reached XP level 2. HP: 13/13 MP: 6/6
   161 | D:1      | Learned a level 2 spell: Ensorcelled Hibernation
   742 | D:1      | Reached XP level 3. HP: 16/16 MP: 8/8
   925 | D:2      | Noticed Robin
   955 | D:2      | Found Zin's Purification Station.
   955 | D:2      | Noticed Sigmund
   974 | D:2      | Reached skill level 5 in Stealth
   993 | D:2      | Found a hazy altar of Hepliaklqana.
  1283 | D:2      | Found a glowing silver altar of Zin.
  1298 | D:2      | Bought a potion of curing for 90 gold pieces
  1710 | D:2      | Learned a level 3 spell: Confuse
  1807 | D:2      | Reached XP level 4. HP: 16/21 MP: 10/10
  2908 | D:2      | Killed Sigmund
  2908 | D:2      | Reached skill level 6 in Stealth
  2908 | D:2      | Reached XP level 5. HP: 24/24 MP: 6/12
  2934 | D:2      | Found a basalt altar of Yredelemnul.
  3240 | D:2      | Slain by a goblin

Skill      XL: |  1  2  3  4 |
---------------+-------------+-----
Spellcasting   | 3 4 |  4.1
Short Blades   | 2 4 |  4.1
Hexes          | 4 |  4.7
Stealth        | 5 6 |  6.0
Dodging        | |  3.0

Action                   |  1- 3 |  4- 6 || total
-------------------------+-------+-------++-------
Melee: Dagger            |   145 |    70 ||   215
 Cast: Ensorcelled Hiber |    12 |     3 ||    15
       Confuse           |       |     2 ||     2
 Stab: Sleeping          |    20 |     1 ||    21
       Distracted        |       |     1 ||     1
  Eat: Ration            |       |     1 ||     1
Armor: Robe              |    16 |     5 ||    21
Dodge: Dodged            |   106 |    73 ||   179
